 Dungeon Crawl Stone Soup version 0.29.1-12-g30fa7ad0bf (webtiles) character file.

Game seed: 12955955244390057571

528 wormed the Chopper (level 7, -1/61 HPs)
             Began as a Hill Orc Fighter on Dec 24, 2022.
             Succumbed to a scorpion's poison
             ... on level 4 of the Dungeon.
             The game lasted 00:05:38 (2594 turns).

wormed the Chopper (Hill Orc Fighter)               Turns: 2594, Time: 00:05:39

Health: -1/61      AC: 13    Str: 21    XL:     7   Next: 23%
Magic:  7/7        EV:  7    Int:  8    God:
Gold:   181        SH:  5    Dex: 10    Spells: 6/6 levels left

rFire   + . .      SeeInvis .   a - +0 war axe
rCold   + . .      Faith    .   c - +0 buckler
rNeg    . . .      Spirit   .   m - +0 chain mail
rPois   +          Reflect  .   i - +0 helmet
rElec   +          Harm     .   C - +0 cloak
rCorr   +          Rampage  .   k - +0 pair of gloves
Will    .....                   (no boots)
Stlth   ..........              (no amulet)
HPRegen 0.20/turn               g - ring of resist corrosion
MPRegen 0.10/turn               (no ring)

@: mighty, lethally poisoned (-1 -> -17), resistant
A: no striking features
a: no special abilities


You were on level 4 of the Dungeon.
You visited 1 branch of the dungeon, and saw 4 of its levels.

You collected 181 gold pieces.

Inventory:

Hand Weapons
 a - a +0 war axe (weapon)
Missiles
 v - 2 atropa-tipped darts (quivered)
Armour
 c - a +0 buckler (worn)
 i - a +0 helmet (worn)
 k - a +0 pair of gloves (worn)
 m - a +0 chain mail (worn)
 C - a +0 cloak (worn)
Jewellery
 g - a ring of resist corrosion (left hand)
 h - a ring of wizardry
 n - a ring of wizardry
Scrolls
 l - 2 scrolls of brand weapon {unknown}
 q - 2 scrolls of enchant weapon {unknown}
 r - a scroll of amnesia {unknown}
 s - a scroll of silence {unknown}
 u - a scroll of noise {unknown}
 x - a scroll of fear {unknown}
 y - a scroll of poison {unknown}
 z - a scroll of identify
 A - 2 scrolls of torment {unknown}
 B - a scroll of teleportation {unknown}
Potions
 b - a potion of haste
 e - a potion of lignification
 f - a potion of curing {unknown}
 j - a potion of ambrosia
 o - a potion of cancellation {unknown}
 p - a potion of resistance
 t - a potion of magic {unknown}
 w - a potion of mutation {unknown}


   Skills:
 + Level 5.3 Fighting
 * Level 6.7 Axes
 + Level 4.8 Armour
 + Level 4.9 Shields


You had 6 spell levels left.
You didn't know any spells.
Your spell library contained the following spells:

 Spells                   Type           Power      Damage    Failure   Level
 Blink                    Tloc           0%         N/A       100%        2
 Gell's Gravitas          Tloc           0%         N/A       100%        3
 Lesser Beckoning         Tloc           0%         N/A       100%        3
 Teleport Other           Tloc           0%         N/A       100%        3
 Manifold Assault         Tloc           0%         N/A       100%        5
 Storm Form               Tmut/Air       0%         N/A       100%        7


Dungeon Overview and Level Annotations

Branches:
Dungeon (4/15)
 Temple: D:4-7

Altars:
Makhleb

Shops:
D:2 *


Message History

The iguana bites you but does no damage.
You completely miss the iguana.
The iguana is severely wounded.
You hit the scorpion.
The scorpion stings you but does no damage.
The iguana bites you. The scorpion stings you.
You hit the iguana but do no damage.
The iguana is severely wounded.
You hit the scorpion. The iguana bites you.
The scorpion stings you but does no damage.
The iguana bites you!
You closely miss the iguana.
The iguana is heavily wounded.
You closely miss the scorpion. The scorpion stings you.
You are poisoned.
The scorpion poisons you! The iguana bites you.
* * * LOW HITPOINT WARNING * * *
The scorpion stings you but does no damage.
You feel very mighty all of a sudden.
You feel very sick. You block the iguana's attack.
The scorpion stings you but does no damage.
You barely miss the iguana.
The iguana is heavily wounded.
You hit the scorpion.
You feel very sick. The scorpion stings you.
* * * LOW HITPOINT WARNING * * *
You are lethally poisoned!
The scorpion poisons you!
The iguana bites you but does no damage.
You slash the iguana!
You kill the iguana!
You slash the scorpion!
You kill the scorpion!
* * * LOW HITPOINT WARNING * * *
You feel very sick.
It was a potion of resistance.
You feel protected.
You die...

#..###.#.#####.#####
####.## ##........#
.>#..###.#.##.####
#.#.#.#..#.##.##
###.#........#...#
.......#######...#
........# #†..#
.#.)##..# #...#
....##..# #..@#
....##..# #)†.#
......................
....###...............
......##..............
#####.########...####.
# .# #...# #####.#
#...# ......# #...#


There were no monsters in sight!

Vanquished Creatures
  An ogre (D:4)
  A phantom (D:4)
  A scorpion (D:4)
  A bullfrog zombie (D:4)
  A centaur skeleton (D:4)
  A hound (D:4)
  Jessica (D:2)
  An iguana (D:4)
  A scorpion zombie (D:4)
  A hound zombie (D:4)
  3 gnolls (D:2)
  2 adders (D:2)
  An adder zombie (D:4)
  2 worms
  2 orcs (D:3)
  2 endoplasms
  2 giant cockroaches
  7 goblins
  7 hobgoblins
  4 jackals (D:1)
  A quokka (D:4)
  7 ball pythons
  13 bats
  2 frilled lizards (D:2)
  2 kobolds
  7 rats
74 creatures vanquished.

Vanquished Creatures (others)
  4 withered plants (D:4)
4 creatures vanquished.

Grand Total: 78 creatures vanquished

Notes
Turn   | Place    | Note
-------+----------+-------------------------------------------
     0 | D:1      | wormed the Hill Orc Fighter began the quest for the Orb.
     0 | D:1      | Reached XP level 1. HP: 19/19 MP: 1/1
   333 | D:1      | Reached skill level 3 in Axes
   340 | D:1      | Reached XP level 2. HP: 22/27 MP: 2/2
   868 | D:2      | Reached XP level 3. HP: 32/33 MP: 3/3
  1030 | D:2      | Found Tapuyq's General Store.
  1041 | D:2      | Reached skill level 4 in Axes
  1041 | D:2      | Reached XP level 4. HP: 23/40 MP: 4/4
  1320 | D:2      | Found a burning altar of Makhleb.
  1536 | D:2      | Noticed Jessica
  1542 | D:2      | Killed Jessica
  1543 | D:2      | Reached XP level 5. HP: 47/47 MP: 5/5
  1855 | D:3      | Found a faded altar of an unknown god.
  2116 | D:4      | Reached skill level 5 in Axes
  2246 | D:4      | Reached XP level 6. HP: 51/53 MP: 6/6
  2295 | D:4      | Reached skill level 5 in Fighting
  2295 | D:4      | Reached skill level 6 in Axes
  2510 | D:4      | Reached XP level 7. HP: 46/61 MP: 7/7
  2593 | D:4      | HP: 3/61 [poisoned by a scorpion]
  2594 | D:4      | Succumbed to a scorpion's poison

Illustrated notes

Levels and vault maps discovered:
D:1:      dpeg_arrival_three_bigger_balls, layout_loops_ring
D:2:      layout_rooms, basic_altar, serial_shops, shop, minmay_between,
          uniq_jessica
D:3:      layout_rooms, hellmonk_ecumenical_altar_blasted
D:4:      layout_loops_cross, minmay_temple_entry_slanted, serial_undead,
          serial_undead_a, serial_undead_d, serial_undead_b, serial_undead_a

Skill      XL: |  1  2  3  4  5  6 |
---------------+-------------------+-----
Axes           | 3 4 5 6 |  6.7
Fighting       | 4 5 |  5.3
Armour         | 4 |  4.8
Shields        | 4 |  4.9

Action                   |  1- 3 |  4- 6 |  7- 9 || total
-------------------------+-------+-------+-------++-------
Melee: War axe           |    84 |   151 |    18 ||   253
Throw: Dart              |       |     1 |       ||     1
  Use: Scroll            |       |     3 |       ||     3
       Potion            |       |       |     2 ||     2
 Stab: Invisible         |       |     1 |       ||     1
Armor: Scale mail        |    22 |       |       ||    22
       Chain mail        |    54 |   104 |    10 ||   168
Dodge: Dodged            |    50 |    74 |     6 ||   130
Block: Buckler           |    18 |    55 |     5 ||    78
